 Dungeon Crawl Stone Soup version 0.23.0-3-gf3c87f2 (webtiles) character file.

Game seed: 13623945354750829666

67676 Lavandula the Brawler (level 14, -11/127 HPs)
             Began as a Troll Wanderer on Feb 21, 2019.
             Was a High Priest of Fedhas.
             Killed from afar by an ice dragon (40 damage)
             ... with a blast of cold
             ... on level 1 of the Depths.
             The game lasted 00:51:15 (15581 turns).

Lavandula the Brawler (Troll Wanderer)             Turns: 15581, Time: 00:51:15

Health: -11/127    AC: 14    Str: 25    XL:     14   Next: 83%
Magic:  0/25       EV: 17    Int:  3    God:    Fedhas [*****.]
Gold:   701        SH: 14    Dex: 16    Spells: 6/15 levels left

rFire    . . .     SeeInvis .     - Unarmed
rCold    . . .     Gourm    +   A - +2 shield
rNeg     . . .     Faith    .   P - +2 robe of the Sacrificial Victim {Regen+ Str-3 Int-5 Dex+8}
rPois    .         Spirit   +   (helmet restricted)
rElec    .         Reflect  .   k - scarf {Spirit}
rCorr    .         Harm     +   (gloves unavailable)
MR       +....                  (boots unavailable)
Stlth    +.........             T - amulet of harm
HPRegen  1.11/turn              p - ring of magical power
MPRegen  0.19/turn              E - +6 ring of protection

@: no status effects
A: large, unfitting armour, claws 3, fast metabolism 3, gourmand, regeneration
1, shaggy fur 1, tough skin 3
a: Fungal Bloom, Sunlight, Evolution, Growth, Reproduction, Rain, Renounce
Religion


You were on level 1 of the Depths.
You worshipped Fedhas.
Fedhas was extremely pleased with you.
You were full.

You visited 2 branches of the dungeon, and saw 17 of its levels.
You also visited: Sewer and Ossuary.

You collected 1213 gold pieces.
You spent 512 gold pieces at shops.

Inventory:

Hand Weapons
 j - a +0 blowgun
Missiles
 m - 34 poisoned needles
 H - 13 tomahawks
 R - 15 large rocks (quivered)
Armour
 k - a scarf of spirit shield (worn)
 l - a +0 robe of positive energy
 r - a +0 troll leather armour
 A - a +2 shield (worn)
 P - the +2 robe of the Sacrificial Victim (worn) {Regen+ Str-3 Int-5 Dex+8}
   (You bought it in a shop on level 11 of the Dungeon)

   It affects your strength (-3).
   It affects your intelligence (-5).
   It affects your dexterity (+8).
   It increases your rate of regeneration.
Magical Staves
 F - an uncursed staff of fire {unknown}
 N - a cursed staff of poison {unknown}
Jewellery
 p - a ring of magical power (left claw)
 w - a +3 ring of intelligence
 D - an uncursed ring of ice
 E - a +6 ring of protection (right claw)
 T - an amulet of harm (around neck)
 U - a +1 ring of evasion
Wands
 a - a wand of enslavement (26)
 e - a wand of acid (3)
 f - a wand of digging (6)
 q - a wand of disintegration (36)
 G - a wand of scattershot (4)
 J - a wand of iceblast (7)
 L - a wand of polymorph (10)
Scrolls
 c - 2 scrolls of enchant weapon
 i - 5 scrolls of remove curse
 o - 2 scrolls of enchant armour
 x - 3 scrolls of immolation
 y - 3 scrolls of magic mapping
 z - a scroll of holy word {unknown}
 I - a scroll of summoning {unknown}
 M - 2 scrolls of amnesia
 O - a scroll of fog {unknown}
 Q - a scroll of vulnerability {unknown}
Potions
 b - 3 potions of resistance
 d - 7 potions of curing
 g - 4 potions of agility
 h - a potion of heal wounds
 n - 3 potions of haste
 s - 4 potions of lignification
 u - 3 potions of cancellation {unknown}
 B - 2 potions of magic {unknown}
 C - 3 potions of might {unknown}
Miscellaneous
 K - a sack of spiders
 V - a box of beasts
Comestibles
 t - 3 rations


   Skills:
 - Level 5.0 Fighting
 - Level 8.1 Throwing
 - Level 10.0 Dodging
 - Level 9.1 Shields
 - Level 16.3 Unarmed Combat
 - Level 1.0 Spellcasting
   Level 1.0 Necromancy
 + Level 3.3 Translocations
 - Level 1.0 Air Magic
 - Level 4.3 Invocations
 - Level 4.1 Evocations


You had 6 spell levels left.
You knew the following spells:

 Your Spells              Type           Power        Failure   Level  Hunger
a - Sandblast             Erth           #.....       50%         1    ##.....
b - Blink                 Tloc           N/A          22%         2    ###....
c - Deflect Missiles      Chrm/Air       #.........   100%        6    #######

Your spell library contained the following spells:

 Spells                   Type           Power        Failure   Level  Hunger
 Flame Tongue             Conj/Fire      #....        50%         1    ##.....
 Magic Dart               Conj           #...         50%         1    ##.....
 Call Imp                 Summ           #.......     63%         2    ###....
 Searing Ray              Conj           #.....       63%         2    ###....
 Slow                     Hex            #.......     63%         2    ###....
 Throw Flame              Conj/Fire      #.....       63%         2    ###....
 Mephitic Cloud           Conj/Pois/Air  #.......     83%         3    ####...
 Conjure Flame            Conj/Fire      #.......     86%         3    ####...
 Inner Flame              Hex/Fire       #.......     86%         3    ####...
 Stone Arrow              Conj/Erth      #.....       86%         3    ####...
 Cause Fear               Hex            #.........   99%         4    #####..
 Sticky Flame             Conj/Fire      #.......     99%         4    #####..
 Fireball                 Conj/Fire      #.........   100%        5    ######.
 Irradiate                Conj/Tmut      #.........   100%        5    ######.
 Silence                  Hex/Air        #.........   100%        5    ######.
 Yara's Violent Unravell  Hex/Tmut       #.........   100%        5    ######.
 Dragon Form              Tmut           #.........   100%        7    #######
 Discord                  Hex            #.........   100%        8    #######


Dungeon Overview and Level Annotations

Branches:
Dungeon (15/15)            Temple (0/1) D:4            Lair (0/6) D:8
    Orc (0/2) D:9          Vaults (0/5) D:13         Depths (2/5) D:15

Altars:
Fedhas
Kikubaaqudgha
Nemelex Xobeh
Trog

Shops:
D:11 [

Portals:
Abyss: Depths:2
Pandemonium: Depths:1
Trove: D:15 (give 2 scrolls of acquirement)

Annotations:
D:7 3 runed translucent doors, Arum's ghost, novice OpFi
D:12 2 transporters, MalarOregon's ghost, journeyman MfSu
Depths:2 Sojobo


Innate Abilities, Weirdness & Mutations

You are too large for most types of armour.
You have claws for hands.
Your metabolism is lightning-fast.
You like to eat raw meat.
Your natural rate of healing is unusually fast.
You are covered in fur. (AC +1)
You have extremely tough skin. (AC +3)


Message History

Casting: Blink (safe; 22% risk of failure)
Confirm with . or Enter, or press ? or * to list all spells.
You blink.
The ice dragon breathes frost at you. The blast of cold misses you.
Unknown command.
Unknown command.
The ice dragon breathes frost at you. The blast of cold hits you!!!
* * * LOW HITPOINT WARNING * * *
Unknown command.
You feel much better. The ice dragon breathes frost at you.
The blast of cold hits you!!
* * * LOW HITPOINT WARNING * * *
You feel much better. The ice dragon breathes frost at you.
The blast of cold hits you!!
You die...
Fedhas appreciates your contribution to the ecosystem.

# #...........# #
#...........#
#######...........#
....>{....(.......#
....OO............##
...................#
...................######
.......##.(.[........D..#
............[[..@#.####.#
............[[<..#.#....#
.............[...#.#.########
.#####.#.......#...#.##.....#
.##.(....(.(......##.##.###.#
.##......#.........#.##.# #.#
. #......##.#.......D...# #.#
#......###........#######.#
####.#.# ##(......##......#


You could see an ice dragon.

Vanquished Creatures
  A frost giant (Depths:1)
  Louise (D:15)
  2 stone giants
  3 very ugly things
  A spark wasp (D:15)
  An ettin (Depths:1)
  2 jiangshi (D:15)
  A fire dragon (D:15)
  2 hydras (D:14)
  A yaktaur captain (Depths:1)
  A vault guard (D:13)
  2 ice dragons (Depths:1)
  An ogre mage (Depths:1)
  A rakshasa (Depths:1)
  4 centaur warriors
  A two-headed ogre (shapeshifter) (D:15)
  A deep troll shaman (D:15)
  9 two-headed ogres
  2 tengu warriors
  3 deep troll earth magi
  2 vampire magi
  An iron troll (D:15)
  A hell knight (D:15)
  5 skeletal warriors (D:15)
  2 unseen horrors
  A glowing orange brain (Depths:1)
  2 deep trolls (Depths:1)
  3 necromancers (Depths:1)
  11 ugly things
  A manticore (D:13)
  A cyclops (D:14)
  Psyche (D:12)
  A gargoyle (D:14)
  4 kobold demonologists
  5 centaur skeletons
  A komodo dragon (shapeshifter) (D:15)
  2 yaktaurs (Depths:1)
  A rime drake (D:12)
  2 tengu conjurers (D:14)
  2 yaktaurs (shapeshifter)
  A meliai (shapeshifter) (D:15)
  A hornet (D:11)
  12 slime creatures
  A centaur simulacrum (D:14)
  4 hippogriffs
  A wraith (Ossuary)
  A shadow (D:12)
  Sigmund (D:6)
  2 wyverns
  13 yaks
  3 hungry ghosts
  4 vampire mosquitoes (D:13)
  A soldier ant (shapeshifter) (Depths:1)
  2 porcupines (D:8)
  2 sky beasts
  8 orc warriors
  2 soldier ants
  2 ice beasts
  11 ogres
  4 phantoms
  An ice beast (shapeshifter) (D:14)
  7 boggarts (D:15)
  3 eyes of draining
  8 centaurs
  4 crocodiles
  5 bullfrogs
  6 big kobolds
  Blork the orc (D:6)
  8 scorpions
  4 wyvern skeletons
  15 killer bees
  9 wights
  9 howler monkeys
  7 crimson imps
  A centaur zombie (D:5)
  8 hounds
  10 orc priests
  2 bullfrog zombies
  3 jellies
  6 bullfrog skeletons
  2 gnoll shamans
  An iguana (D:8)
  11 orc wizards
  14 worker ants
  2 wandering mushrooms
  A hound skeleton (D:6)
  4 mummies
  6 gnolls
  A howler monkey skeleton (D:8)
  11 adders
  A river rat (D:3)
  6 shadow imps
  3 oozes
  2 adder skeletons
  4 worms
  5 leopard geckos
  72 orcs
  2 giant cockroaches
  5 goblins
  10 hobgoblins
  7 jackals (D:11)
  35 kobolds
  4 quokkas
  2 ball pythons (D:3)
  11 bats
  3 frilled lizards
  5 goblin skeletons (Ossuary)
  3 hobgoblin skeletons
  A hobgoblin zombie (D:6)
  2 jackal skeletons
  A kobold skeleton (Ossuary)
  A leopard gecko skeleton (D:7)
  3 quokka skeletons
  12 rats
  A plant (D:15)
536 creatures vanquished.

Vanquished Creatures (collateral kills)
  A fire giant (D:15)
  A very ugly thing (Depths:1)
  A yaktaur captain (D:15)
  A deep troll earth mage (D:15)
  3 hell knights
  A deep troll (D:15)
  A necromancer (D:15)
  A yaktaur (D:15)
  A troll (D:12)
  A water moccasin (D:9)
  An orc warrior (D:10)
  An ice beast (D:9)
  A jelly (D:11)
  3 wights
  A gnoll (D:9)
  5 orcs (D:9)
24 creatures vanquished.

Vanquished Creatures (others)
  3 oklob plants
  8 wandering mushrooms
  A goblin skeleton (Ossuary)
  A kobold skeleton (Ossuary)
  5 fungi (D:8)
  18 plants
  227 toadstools
263 creatures vanquished.

Grand Total: 823 creatures vanquished

Notes
Turn   | Place    | Note
-------+----------+-------------------------------------------
     0 | D:1      | Lavandula the Troll Wanderer began the quest for the Orb.
     0 | D:1      | Lavandula set off with the following items: a wand of
                  | enslavement (15), a +0 robe, a +0 club, 2 rations; and the
                  | following spell memorised: Sandblast; and the following
                  | spells available to memorise: Searing Ray, Throw Flame,
                  | Stone Arrow
     0 | D:1      | Reached XP level 1. HP: 19/19 MP: 1/1
    79 | D:1      | Reached skill level 1 in Unarmed Combat
   265 | D:1      | Reached XP level 2. HP: 27/27 MP: 2/2
   652 | D:2      | Reached skill level 2 in Unarmed Combat
   783 | D:2      | Reached XP level 3. HP: 33/33 MP: 3/3
   900 | D:2      | Reached skill level 3 in Unarmed Combat
  1395 | D:3      | Reached XP level 4. HP: 37/41 MP: 4/4
  1656 | D:3      | Found a faded altar of an unknown god.
  1677 | D:3      | Became a worshipper of Fedhas Madash
  1677 | D:3      | Reached * piety under Fedhas
  1788 | D:3      | Reached skill level 4 in Unarmed Combat
  1801 | D:3      | Found a glowing drain.
  1815 | Sewer    | Entered a sewer
  1857 | Sewer    | Noticed a crocodile
  1859 | Sewer    | Killed a crocodile
  1859 | Sewer    | Reached skill level 5 in Unarmed Combat
  1859 | Sewer    | Reached XP level 5. HP: 48/48 MP: 5/5
  2018 | D:4      | Reached ** piety under Fedhas
  2085 | D:4      | Found a staircase to the Ecumenical Temple.
  2150 | D:4      | Reached XP level 6. HP: 52/55 MP: 6/6
  2225 | D:4      | Reached skill level 6 in Unarmed Combat
  2549 | D:5      | Entered Level 5 of the Dungeon
  2571 | D:5      | Reached skill level 7 in Unarmed Combat
  2584 | D:5      | Reached XP level 7. HP: 55/62 MP: 7/7
  2642 | D:5      | Learned a level 2 spell: Blink
  2658 | D:5      | Reached skill level 8 in Unarmed Combat
  2880 | D:5      | Reached skill level 9 in Unarmed Combat
  2888 | D:5      | Reached XP level 8. HP: 46/70 MP: 8/8
  3341 | D:6      | Noticed Blork the orc
  3354 | D:6      | Killed Blork the orc
  3520 | D:6      | Found a bloodstained altar of Trog.
  3594 | D:6      | Found a sand-covered staircase.
  3603 | Ossuary  | Entered an ossuary
  3624 | Ossuary  | Reached *** piety under Fedhas
  3692 | Ossuary  | Reached skill level 10 in Unarmed Combat
  4190 | D:6      | Noticed Sigmund
  4196 | D:6      | Killed Sigmund
  4196 | D:6      | Reached skill level 5 in Dodging
  4496 | D:7      | Reached XP level 9. HP: 38/76 MP: 9/9
  4646 | D:7      | Found a runed translucent gate.
  4646 | D:7      | Found a runed translucent gate.
  4646 | D:7      | Found a runed translucent gate.
  4647 | D:7      | Noticed a kobold demonologist
  4647 | D:7      | Identified the +4 whip of the Hand {drain, MR+}
  4647 | D:7      | Noticed Arum's ghost (novice OpFi)
  4689 | D:7      | Reached **** piety under Fedhas
  5250 | D:8      | Noticed a two-headed ogre
  5263 | D:8      | Killed a two-headed ogre
  5381 | D:8      | Found a staircase to the Lair.
  5388 | D:8      | Reached XP level 10. HP: 63/85 MP: 10/10
  5623 | D:8      | Found a sparkling altar of Nemelex Xobeh.
  5694 | D:8      | Reached skill level 10 in Dodging
  6130 | D:9      | Reached ***** piety under Fedhas
  6281 | D:9      | Found a staircase to the Orcish Mines.
  6283 | D:9      | Reached skill level 11 in Unarmed Combat
  6764 | D:10     | Entered Level 10 of the Dungeon
  6916 | D:10     | Identified the Almanac of Transformation and Execration
  7408 | D:10     | Reached XP level 11. HP: 96/98 MP: 11/11
  7809 | D:11     | Killed an unseen horror
  7871 | D:11     | Found an ancient bone altar of Kikubaaqudgha.
  7923 | D:11     | Reached skill level 5 in Fighting
  8137 | D:11     | Noticed a two-headed ogre
  8148 | D:11     | Killed a two-headed ogre
  8285 | D:11     | Found Ziuleb's Armour Shoppe.
  8293 | D:11     | Bought the +2 robe of the Sacrificial Victim {Regen+ Str-3
                  | Int-5 Dex+8} for 265 gold pieces
  8311 | D:11     | Noticed a two-headed ogre
  8314 | D:11     | Killed a two-headed ogre
  8413 | D:11     | Noticed a sixfirhy
  8422 | D:11     | Reached skill level 1 in Invocations
  8963 | D:12     | Noticed a two-headed ogre
  8974 | D:12     | Killed a two-headed ogre
  9131 | D:12     | Noticed Psyche
  9151 | D:12     | Killed Psyche
  9229 | D:12     | Found a transporter.
  9231 | D:12     | Found a transporter.
  9232 | D:12     | Noticed MalarOregon's ghost (journeyman MfSu)
  9301 | D:12     | Noticed a tengu warrior
  9317 | D:12     | Killed a tengu warrior
  9317 | D:12     | Reached skill level 5 in Throwing
  9317 | D:12     | Reached XP level 12. HP: 101/111 MP: 14/14
  9351 | D:12     | Noticed Maurice
  9408 | D:12     | Noticed Maurice
  9408 | D:12     | Maurice changed into Maurice the rime drake
  9414 | D:12     | Killed Maurice the rime drake
  9530 | D:12     | Reached ****** piety under Fedhas
 10207 | D:13     | Found a gate to the Vaults.
 10207 | D:13     | Noticed a vault guard
 10215 | D:13     | Killed a vault guard
 10215 | D:13     | Reached skill level 12 in Unarmed Combat
 10385 | D:14     | Noticed a centaur warrior
 10393 | D:14     | Killed a centaur warrior
 10425 | D:14     | Noticed a centaur warrior
 10439 | D:14     | Killed a centaur warrior
 10553 | D:14     | Noticed a six-headed hydra
 10630 | D:14     | Killed a six-headed hydra
 10630 | D:14     | Reached skill level 13 in Unarmed Combat
 10937 | D:14     | Noticed a four-headed hydra
 10946 | D:14     | Reached XP level 13. HP: 118/118 MP: 15/15
 10953 | D:14     | Reached skill level 14 in Unarmed Combat
 11144 | D:14     | Found an ancient bone altar of Kikubaaqudgha.
 11466 | D:15     | Entered Level 15 of the Dungeon
 11469 | D:15     | Noticed a fire dragon
 11475 | D:15     | Killed a fire dragon
 11630 | D:15     | Reached skill level 15 in Unarmed Combat
 11735 | D:15     | Found a staircase to the Depths.
 12010 | D:15     | Learned a level 6 spell: Deflect Missiles
 12356 | D:15     | Noticed Louise
 12556 | D:15     | Reached skill level 16 in Unarmed Combat
 12653 | D:15     | Found a portal to a secret trove of treasure.
 12767 | D:15     | Killed Louise
 12932 | D:11     | Bought a +2 shield for 247 gold pieces
 13183 | Depths:1 | Entered Level 1 of the Depths
 13183 | Depths:1 | Noticed a jiangshi
 13191 | D:15     | Killed a jiangshi
 13191 | D:15     | Reached skill level 1 in Shields
 13202 | Depths:1 | Noticed a jiangshi
 13243 | Depths:1 | Noticed a fire giant
 13457 | D:15     | Killed a jiangshi
 13639 | D:15     | Killed a fire giant
 13650 | Depths:1 | Noticed a stone giant
 13655 | D:15     | Reached XP level 14. HP: 73/127 MP: 13/16
 13860 | D:15     | Killed a stone giant
 13941 | Depths:1 | Noticed a brown very ugly thing
 13941 | Depths:1 | Noticed a brown very ugly thing
 13941 | Depths:1 | Noticed a brown very ugly thing
 13943 | Depths:1 | Noticed a brown very ugly thing
 13959 | Depths:1 | Killed a brown very ugly thing
 13959 | Depths:1 | Reached skill level 5 in Shields
 14180 | D:15     | Killed a white very ugly thing
 14185 | D:15     | Killed a brown very ugly thing
 14302 | Depths:1 | Killed a white very ugly thing
 14408 | Depths:1 | Found a one-way gate leading to the halls of Pandemonium.
 15162 | Depths:2 | Found a one-way gate to the infinite horrors of the Abyss.
 15162 | Depths:2 | Noticed a stone giant
 15162 | Depths:2 | Noticed Sojobo
 15162 | Depths:2 | Noticed a tengu reaver
 15243 | Depths:1 | Noticed a frost giant
 15253 | Depths:1 | Killed a frost giant
 15288 | Depths:1 | Noticed a stone giant
 15293 | Depths:1 | Killed a stone giant
 15310 | Depths:1 | Reached skill level 1 in Translocations
 15568 | Depths:1 | HP: 1/127 [ice dragon/blast of cold (39)]
 15578 | Depths:1 | HP: 4/127 [ice dragon/blast of cold (34)]
 15581 | Depths:1 | Killed from afar by an ice dragon

Skill      XL: |  1  2  3  4  5  6  7  8  9 10 11 12 13 14 |
---------------+-------------------------------------------+-----
Unarmed Combat | 1 2 3 5 7 9 10 11 13 16 | 16.3
Dodging        | 5 9 10 | 10.0
Fighting       | 3 5 |  5.0
Evocations     | 4 |  4.1
Throwing       | 5 8 |  8.1
Invocations    | 4 |  4.3
Shields        | 3 9 |  9.1
Translocations | 3 |  3.3
Spellcasting   | |  1.0
Necromancy     | |  1.0
Air Magic      | |  1.0

Action                   |  1- 3 |  4- 6 |  7- 9 | 10-12 | 13-15 || total
-------------------------+-------+-------+-------+-------+-------++-------
Melee: Unarmed           |   114 |   116 |   311 |   802 |   358 ||  1701
       Punch             |       |     1 |     9 |    44 |    15 ||    69
Throw: Tomahawk          |       |       |       |    28 |    17 ||    45
       Large rock        |       |       |       |    23 |    65 ||    88
 Cast: Blink             |       |       |       |       |     2 ||     2
Invok: Fungal Bloom      |       |     7 |    26 |    37 |    10 ||    80
       Evolution         |       |       |       |     4 |     9 ||    13
       Growth            |       |       |       |       |     2 ||     2
Evoke: Wand              |       |     2 |       |     9 |     7 ||    18
       Sack of spiders   |       |       |       |     8 |       ||     8
  Use: Scroll            |       |       |       |    18 |     7 ||    25
       Potion            |       |       |       |     1 |     5 ||     6
 Stab: Sleeping          |       |       |       |     2 |       ||     2
       Distracted        |       |       |       |       |     2 ||     2
  Eat: Chunk             |    14 |    14 |    24 |    41 |    41 ||   134
       Ration            |       |       |     1 |     1 |     3 ||     5
Armor: Robe              |    38 |    66 |    47 |   225 |    87 ||   463
Dodge: Dodged            |    66 |    77 |   136 |   532 |   193 ||  1004
Block: Shield            |       |       |       |       |   123 ||   123
